 Dungeon Crawl Stone Soup version 0.23.1 (webtiles) character file.

Game seed: 3946051397831482034

10952 poirepourri the Basher (level 11, -7/74 HPs)
             Began as a Gargoyle Fighter on Mar 1, 2019.
             Was an Elder of Cheibriados.
             Killed from afar by a blizzard demon (12 damage)
             ... with a bolt of cold
             ... on level 1 of the Abyss.
             The game lasted 00:12:17 (10934 turns).

poirepourri the Basher (Gargoyle Fighter)          Turns: 10934, Time: 00:12:17

Health: -7/74      AC: 26    Str: 30    XL:     11   Next: 70%
Magic:  0/11       EV: 13    Int: 21    God:    Cheibriados [****..]
Gold:   741        SH: 15    Dex: 27    Spells: 10/10 levels left

rFire    + . .     SeeInvis .   i - +1 flail (protect)
rCold    . . .     Gourm    .   c - +2 shield
rNeg     + + .     Faith    .   b - +0 scale mail
rPois    ∞         Spirit   +   (no helmet)
rElec    +         Reflect  .   o - scarf {Spirit}
rCorr    .         Harm     .   u - +2 pair of gloves
MR       .....                  l - +0 pair of boots (curse)
Stlth    ++........             (no amulet)
HPRegen  0.22/turn              k - ring of protection from fire
MPRegen  0.12/turn              t - ring of positive energy

@: agile, protection aura, very slow
A: clever 1, negative energy resistance 1, electricity resistance, wild magic 1,
unbreathing, petrification resistance, rot immunity, AC +8
a: Bend Time, Temporal Distortion, Slouch, Renounce Religion


You were on level 1 of the Abyss.
You worshipped Cheibriados.
Cheibriados was greatly pleased with you.
You were not hungry.

You visited 2 branches of the dungeon, and saw 11 of its levels.
You visited the Abyss 1 time.

You collected 741 gold pieces.

Inventory:

Hand Weapons
 i - a +1 flail of protection (weapon)
Missiles
 p - 63 bolts
 q - 11 tomahawks
 s - 5 javelins (quivered)
Armour
 b - a +0 scale mail (worn)
 c - a +2 shield (worn)
 l - a cursed +0 pair of boots (worn)
 o - a scarf of spirit shield (worn)
 u - a +2 pair of gloves (worn)
Jewellery
 g - an uncursed ring of protection from magic
 k - a ring of protection from fire (left hand)
 t - a ring of positive energy (right hand)
Wands
 a - a wand of digging (6)
 h - a wand of clouds (3)
 j - a wand of random effects (14)
 n - a wand of flame (10)
 v - a wand of polymorph (14)
 w - a wand of disintegration (22)
 z - a wand of paralysis (11)
Scrolls
 d - a scroll of magic mapping
 x - a scroll of teleportation
Potions
 e - a potion of mutation
Comestibles
 f - 5 rations


   Skills:
 - Level 11.0 Fighting
 - Level 14.3 Maces & Flails
 - Level 3.2 Armour
 + Level 5.7 Shields


You had 10 spell levels left.
You didn't know any spells.
Your spell library contained the following spells:

 Spells                   Type           Power        Failure   Level  Hunger
 Magic Dart               Conj           #...         83%         1    ##.....
 Blink                    Tloc           N/A          92%         2    ###....
 Call Imp                 Summ           #.......     92%         2    ###....
 Slow                     Hex            #.......     92%         2    ###....
 Conjure Flame            Conj/Fire      #.......     99%         3    ####...
 Mephitic Cloud           Conj/Pois/Air  #.......     99%         3    ####...


Dungeon Overview and Level Annotations

Branches:
Dungeon (10/15)            Temple (1/1) D:5            Lair (0/6) D:9
    Orc: D:9-12

Altars:
Ashenzari
Cheibriados
Dithmenos
Elyvilon
Fedhas
Gozag
Hepliaklqana
Kikubaaqudgha
Makhleb
Nemelex Xobeh
Okawaru
Qazlal
Ru
Sif Muna
Trog
Uskayaw
Vehumet
Wu Jian
Xom
Yredelemnul
Zin
The Shining One

Annotations:
D:3 1 runed translucent door
D:6 1 runed translucent door, DungeonDestroyer's ghost, novice MiFi
D:10 Erolcha; Fannar


Innate Abilities, Weirdness & Mutations

You are resistant to torment.
Your stone body is resilient. (AC +8)
You are immune to poison.
You resist negative energy. (rN+)
You are resistant to electric shocks. (rElec)
You can survive without breathing.
You are immune to petrification.
You are immune to rotting.
Your mind is acute. (Int +2)
Your spells are a little harder to cast, but a little more powerful.


Message History

You are engulfed in freezing vapours.
* * * LOW HITPOINT WARNING * * *
You completely miss the blizzard demon.
The blizzard demon is severely wounded.
You are engulfed in freezing vapours.
* * * LOW HITPOINT WARNING * * *
The blizzard demon is engulfed in freezing vapours.
You block the blizzard demon's attack. x2
Okay, then.
As you read the scroll of fear, it crumbles to dust.
You assume a fearsome visage.
The blizzard demon is unaffected.
You are engulfed in freezing vapours.
The blizzard demon is engulfed in freezing vapours.
The blizzard demon barely misses you.
The blizzard demon hits you but does no damage.
You closely miss the blizzard demon.
The blizzard demon is almost dead.
The blizzard demon gestures at you. The bolt of cold hits you!
You die...

# #.# #.#.#
#.#.# #.#.#
.°°. # °°#
# #2# #.#@#
#.#°# ##
##.#°#### #
.... .#.. .
# ..... ##
#
##.........
# ... .
#... ... ##
#..
.######....
#
.....#.#...
# .. #


You could see a blizzard demon.

Vanquished Creatures
  Harold (D:8)
  3 two-headed ogres (D:8)
  A centaur warrior (D:8)
  3 starcursed masses (Abyss:1)
  A komodo dragon (D:8)
  Grinder (D:5)
  A hippogriff (D:9)
  2 wyverns (D:8)
  A human (D:8)
  3 hungry ghosts (D:8)
  Edmund (D:6)
  2 water moccasins
  2 porcupines (D:9)
  A black bear (D:9)
  3 ice beasts (D:8)
  5 sky beasts
  2 orc warriors
  2 phantoms
  3 necrophages (D:8)
  5 ogres
  3 centaurs
  3 big kobolds
  3 bullfrogs
  4 scorpions
  11 killer bees
  4 wights
  2 howler monkeys (D:7)
  5 crimson imps
  A centaur zombie (D:6)
  2 quasits
  2 bullfrog skeletons
  An iron imp (Abyss:1)
  3 orc priests
  10 orc wizards
  2 centaur skeletons
  4 hounds
  7 iguanas
  9 worker ants
  A killer bee zombie (D:9)
  A hound zombie (D:8)
  4 worker ant zombies
  3 gnolls (D:2)
  9 adders
  A howler monkey skeleton (D:5)
  3 shadow imps
  An adder skeleton (D:5)
  4 worms
  3 dart slugs
  3 leopard geckos
  27 orcs
  6 bats
  6 giant cockroaches
  8 goblins
  8 hobgoblins
  13 jackals
  17 kobolds
  8 quokkas
  7 frilled lizards
  A quokka skeleton (D:8)
253 creatures vanquished.

Notes
Turn   | Place    | Note
-------+----------+-------------------------------------------
     0 | D:1      | poirepourri the Gargoyle Fighter began the quest for the
                  | Orb.
     0 | D:1      | Reached XP level 1. HP: 14/14 MP: 1/1
   284 | D:1      | Reached XP level 2. HP: 19/19 MP: 2/2
   349 | D:1      | Reached skill level 3 in Maces & Flails
   638 | D:1      | Reached XP level 3. HP: 20/23 MP: 3/3
   924 | D:2      | Reached skill level 4 in Maces & Flails
   924 | D:2      | Reached XP level 4. HP: 4/28 MP: 4/4
  1598 | D:2      | Reached skill level 5 in Maces & Flails
  1762 | D:2      | Reached XP level 5. HP: 32/32 MP: 5/5
  2008 | D:2      | Found a faded altar of an unknown god.
  2190 | D:3      | Found a shimmering altar of Xom.
  2202 | D:3      | Paralysed by a crimson imp for 5 turns
  2648 | D:3      | Found a glowing golden altar of the Shining One.
  2655 | D:3      | Found a runed translucent door.
  2655 | D:3      | Noticed an angel
  2930 | D:3      | Reached skill level 6 in Maces & Flails
  2930 | D:3      | Reached XP level 6. HP: 37/37 MP: 6/6
  3280 | D:4      | Found an iron altar of Okawaru.
  3835 | D:5      | Entered Level 5 of the Dungeon
  3939 | D:5      | Reached skill level 7 in Maces & Flails
  3939 | D:5      | Reached XP level 7. HP: 31/41 MP: 4/7
  4029 | D:5      | Found a staircase to the Ecumenical Temple.
  4044 | Temple   | Entered the Ecumenical Temple
  4434 | D:5      | Reached skill level 8 in Maces & Flails
  4717 | D:5      | Noticed Grinder
  4728 | D:5      | Paralysed by Grinder for 3 turns
  4733 | D:5      | Killed Grinder
  4733 | D:5      | Reached skill level 9 in Maces & Flails
  4733 | D:5      | Reached XP level 8. HP: 38/46 MP: 8/8
  5278 | D:5      | Reached skill level 10 in Maces & Flails
  5485 | D:6      | Noticed Edmund
  5506 | D:6      | Killed Edmund
  5582 | D:6      | Found a sacrificial altar of Ru.
  5842 | D:6      | Found a runed translucent door.
  5842 | D:6      | Noticed DungeonDestroyer's ghost (novice MiFi)
  5861 | D:6      | Reached skill level 11 in Maces & Flails
  6026 | D:6      | Reached XP level 9. HP: 51/51 MP: 9/9
  6091 | D:6      | Found a sparkling altar of Nemelex Xobeh.
  6091 | D:6      | Found a snail-covered altar of Cheibriados.
  6096 | D:6      | Found a faded altar of an unknown god.
  6099 | D:6      | Found a glowing golden altar of the Shining One.
  6105 | D:6      | Became a worshipper of Cheibriados the Contemplative
  6110 | D:6      | Found a hide-covered altar of Uskayaw.
  6469 | D:7      | Reached * piety under Cheibriados
  6469 | D:7      | Reached skill level 12 in Maces & Flails
  6790 | D:7      | Found a shattered altar of Ashenzari.
  7095 | D:7      | Found a bloodstained altar of Trog.
  7137 | D:7      | Found an ancient bone altar of Kikubaaqudgha.
  7296 | D:8      | Noticed a two-headed ogre
  7299 | D:8      | Noticed a two-headed ogre
  7308 | D:8      | Noticed a centaur warrior
  7423 | D:8      | Reached skill level 13 in Maces & Flails
  7439 | D:8      | Killed a centaur warrior
  7439 | D:8      | Reached XP level 10. HP: 49/56 MP: 8/10
  7513 | D:8      | Gained mutation: Your spells are a little harder to cast,
                  | but a little more powerful. [potion of mutation]
  7513 | D:8      | Gained mutation: Your mind is acute. (Int +2) [potion of
                  | mutation]
  7522 | D:8      | Reached ** piety under Cheibriados
  7761 | D:8      | Killed a two-headed ogre
  7761 | D:8      | Reached skill level 14 in Maces & Flails
  8074 | D:8      | Noticed a two-headed ogre
  8086 | D:8      | Reached skill level 5 in Fighting
  8101 | D:8      | Killed a two-headed ogre
  8255 | D:8      | Killed a two-headed ogre
  8255 | D:8      | Reached XP level 11. HP: 22/69 MP: 3/11
  8762 | D:8      | Found a sacrificial altar of Ru.
  8785 | D:8      | Found a blossoming altar of Fedhas.
  8903 | D:8      | Noticed Harold
  8935 | D:8      | Killed Harold
  9326 | D:8      | Found a stormy altar of Qazlal.
  9373 | D:8      | Reached *** piety under Cheibriados
  9388 | D:8      | Found a deep blue altar of Sif Muna.
  9431 | D:8      | Reached skill level 10 in Fighting
  9543 | D:9      | Found an ornate altar of the Wu Jian Council.
  9782 | D:9      | Reached **** piety under Cheibriados
 10183 | D:9      | Found a staircase to the Lair.
 10380 | D:10     | Entered Level 10 of the Dungeon
 10434 | D:10     | Noticed Fannar
 10577 | D:10     | Noticed Erolcha
 10579 | D:10     | Cast into level 1 of the Abyss (Erolcha)
 10594 | Abyss:1  | Noticed a starcursed mass
 10619 | Abyss:1  | Killed a starcursed mass
 10619 | Abyss:1  | Reached skill level 5 in Shields
 10627 | Abyss:1  | Killed a starcursed mass
 10633 | Abyss:1  | Killed a starcursed mass
 10911 | Abyss:1  | Noticed a blizzard demon
 10934 | Abyss:1  | Killed from afar by a blizzard demon

Skill      XL: |  1  2  3  4  5  6  7  8  9 10 11 |
---------------+----------------------------------+-----
Maces & Flails | 3 4 5 6 7 9 11 13 14 | 14.3
Fighting       | 8 11 | 11.0
Shields        | 5 |  5.7
Armour         | |  3.2

Action                   |  1- 3 |  4- 6 |  7- 9 | 10-12 || total
-------------------------+-------+-------+-------+-------++-------
Melee: Flail             |   133 |   273 |   607 |   556 ||  1569
       Unarmed           |       |       |     6 |       ||     6
Evoke: Wand              |       |       |       |     1 ||     1
  Use: Scroll            |     3 |     7 |     7 |     8 ||    25
       Potion            |     1 |     4 |     6 |    10 ||    21
 Stab: Invisible         |       |     3 |       |       ||     3
  Eat: Ration            |       |     3 |     4 |     5 ||    12
Armor: Scale mail        |   117 |   127 |   312 |   225 ||   781
       Skin              |       |       |    24 |       ||    24
Dodge: Dodged            |    70 |    81 |   150 |   124 ||   425
Block: Shield            |   108 |   119 |   329 |   269 ||   825
